 Dungeon Crawl Stone Soup version 0.30.0-29-ga12c61a403 (webtiles) character file.

Game seed: 16531579730453199864

339 qw the Chopper (level 6, -1/39 HPs)
             Began as a Gargoyle Fighter on June 2, 2023.
             Killed by divine providence
             ... invoked by an orc priest
              (16 damage)
             ... on level 4 of the Dungeon.
             The game lasted 00:01:17 (2888 turns).

qw the Chopper (Gargoyle Fighter)                   Turns: 2888, Time: 00:01:18

Health: -1/39      AC: 14    Str: 21    XL:     6   Next: 55%
Magic:  6/6        EV:  7    Int:  9    God:
Gold:   227        SH:  4    Dex:  9    Spells: 5/5 levels left

rFire   + . .        Y - +0 war axe
rCold   . . .        c - +0 buckler
rNeg    + . .        o - +0 chain mail
rPois   inf          l - +0 helmet
rElec   +            (no cloak)
rCorr   .            (no gloves)
SInv    .            (no boots)
Will    .....        (no amulet) Stlth
                     e - ring of protection from fire
HPRegen 0.26/turn    (no ring)
MPRegen 0.10/turn

%: no passive effects
@: no status effects
A: sickness immunity, AC +4, negative energy resistance 1, electricity
resistance, torment resistance 1, petrification resistance
a: no special abilities


You were on level 4 of the Dungeon.
You visited 1 branch of the dungeon, and saw 4 of its levels.

You collected 227 gold pieces.


Innate Abilities, Weirdness & Mutations

You are immune to sickness and miasma.
Your stone body is resilient. (AC +4)
You are immune to poison.
You resist negative energy. (rN+)
You are resistant to electric shocks. (rElec)
You are resistant to unholy torment.
You are immune to petrification.


   Skills:
 - Level 4.3 Fighting
 + Level 5.6 Axes
 - Level 3.2 Armour
 - Level 3.2 Shields


You had 5 spell levels left.
You didn't know any spells.
Your spell library was empty.

Inventory:

Hand Weapons
 q - a +0 flail
 Y - a +0 war axe (weapon)
Armour
 c - a +0 buckler (worn)
 l - a +0 helmet (worn)
 o - a +0 chain mail (worn)
Jewellery
 e - a ring of protection from fire (left hand)
Wands
 f - a wand of digging (6)
Scrolls
 a - a scroll of identify
 b - a scroll of fog {unknown}
Potions
 d - a potion of might
 g - a potion of curing
 h - 2 potions of lignification
 i - a potion of mutation
 k - a potion of haste {unknown}

Dungeon Overview and Level Annotations

Branches:
Dungeon (4/15)
 Temple: D:4-7

Altars:
Ashenzari
Kikubaaqudgha
Qazlal
Wu Jian

Shops:
D:4 :

Annotations:
D:3 1 runed translucent door, qw's ghost, amateur GrFi


Message History

You start resting.
HP restored.
An orc and an ogre come into view.
The orc shouts!
The ogre shouts!
The orc moves out of view.
An orc priest comes into view. It is wielding a +0 whip.
2877 ||| Stepping ~*~*~tactically~*~*~ (stealth).
An orc comes into view. It is wielding a +0 club.
2880 ||| Stepping ~*~*~tactically~*~*~ (stealth).
2881 ||| Stepping ~*~*~tactically~*~*~ (stealth).
You closely miss the orc. You block the orc's attack.
The orc shouts!
You slash the ogre!
The ogre is heavily wounded.
You hit the orc but do no damage.
You hear a shout!
The ogre hits you with a +0 giant club! The orc hits you but does no damage.
You barely miss the ogre.
The ogre is heavily wounded.
You closely miss the orc. The orc hits you but does no damage.
The ogre hits you with a +0 giant club!!
You slash the ogre!
The ogre is almost dead.
You hit the orc. The orc hits you but does no damage.
The orc priest miscasts a cantrip.
You block the orc's attack. The ogre barely misses you.
You slash the ogre!
You kill the ogre!
You closely miss the orc. x2
The orc hits you but does no damage. The orc closely misses you.
You barely miss the orc.
The orc is lightly wounded.
You closely miss the orc. You hit the orc priest. You block the orc's attack.
The orc priest invokes the aid of Beogh against you.
Beogh smites you!
You die...

#########
#.......##########
#.@..##.....#
#ooo.##.....#
##....##.....#######
.##......'............
o..........##.....###....
..o...#######.....# #....
.....# ####### #####
##}.} #.\


You could see an orc priest and 2 orcs.

Vanquished Creatures
  A sky beast (D:3)
  An ogre (D:4)
  A hound (D:4)
  An orc wizard (D:3)
  3 adders
  A worm (D:2)
  2 dart slugs
  5 orcs (D:3)
  6 ball pythons
  5 bats
  4 endoplasms
  3 giant cockroaches
  7 goblins
  4 hobgoblins
  11 jackals
  A quokka (D:2)
  A frilled lizard (D:1)
  6 kobolds
  6 rats
69 creatures vanquished.

Notes
Turn   | Place    | Note
-------+----------+-------------------------------------------
     0 | D:1      | qw the Gargoyle Fighter began the quest for the Orb.
     0 | D:1      | Reached XP level 1. HP: 14/14 MP: 1/1
     0 | D:1      | 0 ||| qw: Version: 0.2-a-102-gdf20003
     0 | D:1      | 0 ||| qw: Game counter: 912
     0 | D:1      | 0 ||| qw: Always use a shield: true
     0 | D:1      | 0 ||| qw: God list: Okawaru
     0 | D:1      | 0 ||| qw: Allow faded altars: false
     0 | D:1      | 0 ||| qw: Do Orc after D:15 true
     0 | D:1      | 0 ||| qw: Do second Lair branch before Depths: true
     0 | D:1      | 0 ||| qw: Lair rune preference: random
     0 | D:1      | 0 ||| qw: Plans: Normal, Zot:1-4, Slime:5, God:TSO, Crypt,
                  | Tomb, Pan, Hells, Abyss, Win
     0 | D:1      | 0 ||| PLANNING D:1-11
    77 | D:1      | Reached skill level 2 in Axes
   193 | D:1      | Reached XP level 2. HP: 19/19 MP: 2/2
   219 | D:1      | 219 ||| Stepping ~*~*~tactically~*~*~ (hiding).
   220 | D:1      | 220 ||| Stepping ~*~*~tactically~*~*~ (hiding).
   361 | D:1      | 361 ||| FLEEEEING.
   362 | D:1      | 362 ||| FLEEEEING.
   363 | D:1      | 363 ||| FLEEEEING.
   384 | D:1      | You fall into a shaft and drop 1 floor!
   405 | D:2      | 405 ||| Stepping ~*~*~tactically~*~*~ (hiding).
   415 | D:2      | Reached skill level 3 in Axes
   477 | D:1      | Reached XP level 3. HP: 23/23 MP: 3/3
  1452 | D:2      | 1452 ||| Stepping ~*~*~tactically~*~*~ (stealth).
  1456 | D:2      | Reached XP level 4. HP: 28/28 MP: 4/4
  1516 | D:2      | 1516 ||| Stepping ~*~*~tactically~*~*~ (hiding).
  1523 | D:2      | Reached skill level 4 in Axes
  1690 | D:2      | 1690 ||| UPGRADING to +0 helmet.
  1695 | D:2      | 1695 ||| DRINKING 2 orange potions.
  1696 | D:2      | 1696 ||| DRINKING 3 bubbling silvery potions.
  1802 | D:3      | 1802 ||| Stepping ~*~*~tactically~*~*~ (stealth).
  1925 | D:3      | Found an ancient bone altar of Kikubaaqudgha.
  1982 | D:3      | Found an ornate altar of the Wu Jian Council.
  2099 | D:3      | Found a stormy altar of Qazlal.
  2099 | D:3      | Noticed a sky beast
  2125 | D:3      | Killed a sky beast
  2126 | D:3      | Reached skill level 5 in Axes
  2126 | D:3      | Reached XP level 5. HP: 15/32 MP: 5/5
  2249 | D:3      | Found a broken altar of Ashenzari.
  2255 | D:3      | 2255 ||| Stepping ~*~*~tactically~*~*~ (stealth).
  2262 | D:3      | 2262 ||| DRINKING 2 potions of curing.
  2262 | D:3      | 2262 ||| (to cure confusion)
  2330 | D:3      | 2330 ||| DROPPING +0 club.
  2331 | D:3      | 2331 ||| DROPPING +0 mace.
  2409 | D:3      | Noticed qw's ghost (amateur GrFi)
  2412 | D:3      | Found a runed translucent door.
  2725 | D:3      | 2725 ||| UPGRADING to +0 chain mail.
  2735 | D:3      | 2735 ||| DROPPING +0 scale mail.
  2736 | D:3      | 2736 ||| UPGRADING to ring of protection from fire.
  2737 | D:3      | 2737 ||| READING 4 scrolls labelled JEENIJ WASYOHU.
  2738 | D:3      | 2738 ||| READING scroll labelled HIPPED ALONI.
  2747 | D:3      | 2747 ||| READING 3 scrolls of identify.
  2747 | D:3      | 2747 ||| IDENTIFYING fuming orange potion
  2748 | D:3      | 2748 ||| READING 2 scrolls of identify.
  2748 | D:3      | 2748 ||| IDENTIFYING blue potion
  2749 | D:3      | 2749 ||| DROPPING potion of flight.
  2814 | D:4      | Found Lafuibb's Book Shoppe.
  2830 | D:4      | Reached XP level 6. HP: 27/39 MP: 6/6
  2877 | D:4      | 2877 ||| Stepping ~*~*~tactically~*~*~ (stealth).
  2880 | D:4      | 2880 ||| Stepping ~*~*~tactically~*~*~ (stealth).
  2881 | D:4      | 2881 ||| Stepping ~*~*~tactically~*~*~ (stealth).
  2888 | D:4      | Killed from afar by an orc priest

Levels and vault maps discovered:
D:1:      evilmike_arrival_rings, layout_loops_corners
D:2:      layout_basic, wad_woods_river_04, st_stairs_2
D:3:      layout_basic, old_standard_altar, nicolae_qazlal_beasts_of_the_sky,
          mainiacjoe_overflow_small_starburst, nicolae_overflow_crystal_walls,
          hellmonk_ghost_happy_afterlife, serial_aquarium,
          aquarium_bridge_square [aquarium_subvault_bridge,
          aquarium_subvault_balcony, aquarium_subvault_window,
          aquarium_subvault_window], aquarium_window_1, aquarium_window_double,
          aquarium_window_corner, aquarium_view_2a, aquarium_view_2c,
          aquarium_pool_corner
D:4:      layout_basic, serial_shops,
          nicolae_shop_temple_entry_statues_fountains, shop_fountains,
          kennysheep_little_box, nicolae_shop_crystal,
          nicolae_shop_just_a_little_nook

Skill      XL: |  1  2  3  4  5 |
---------------+----------------+-----
Axes           | 2 3 5 |  5.6
Fighting       | 4 |  4.3
Armour         | |  3.2
Shields        | |  3.2

Action                     |  1- 3 |  4- 6 || total
---------------------------+-------+-------++-------
  Melee: War axe           |   104 |   103 ||   207
    Use: Potion            |       |     3 ||     3
         Scroll            |       |     4 ||     4
 Armour: Scale mail        |    53 |    61 ||   114
         Chain mail        |       |    15 ||    15
  Dodge: Dodged            |    46 |    52 ||    98
  Block: Buckler           |    19 |    24 ||    43

Table legend:
 A = Non-vault XP
 B = Vault XP
 C = Vault XP percentage of total XP
 D = Non-vault monster count
 E = Vault monster count
 F = Vault count percentage of total count
                 A         B        C        D         E       F
            +---------+---------+-------+---------+---------+-------
      Total |     357 |     128 |  26.4 |      66 |       3 |   4.3
            +---------+---------+-------+---------+---------+-------
        D:1 |      38 |       0 |   0.0 |      22 |       0 |   0.0
        D:2 |      59 |       4 |   6.3 |      20 |       2 |   9.1
        D:3 |      89 |     124 |  58.2 |      20 |       1 |   4.8
        D:4 |     171 |       0 |   0.0 |       4 |       0 |   0.0
            +---------+---------+-------+---------+---------+-------
